Map: Tokamak LE

Players

ManlyManMeat - Winner!

  • Race: Zerg Zerg
  • League: Diamond
  • Spawn Location: 7:00

wlrmalkr

  • Race: Terran Terran
  • League: Diamond
  • Spawn Location: 1:00

VOD

Have the link to the VOD?

Description

Time

  • Played on: July 13, 2025, 11:11 a.m.
  • Length: 16:31
Show
View Real Time Build Order
Export as new Build Order

ManlyManMeat Zerg - Winner!

Build Orders: Hatch First 

Get SALT Encoding   

  12  0:00  Drone  
  13  0:10  Drone  
  14  0:16  Extractor  
  14  0:18  Drone  
  15  0:25  Overlord  
  15  0:45  Drone  
  16  0:51  Hatchery  
  16  0:53  Drone  
  16  0:57  Drone  
  16  1:02  Drone  
  18  1:13  Extractor  
  18  1:18  Spawning Pool  
  16  1:20  Drone  
  16  1:23  Drone  
  18  1:31  Drone  
  19  1:39  Drone  
  20  2:06  Queen x2  
  20  2:07  Zergling x4  
  26  2:12  Overlord  
  26  2:20  Metabolic Boost  
  26  2:32  Hatchery  
  25  2:38  Drone x2  
  25  2:40  Drone  
  28  2:52  Drone x2  
  28  2:53  Overlord  
  30  3:11  Drone x3, Overlord  
  32  3:13  Queen  
  32  3:16  Drone  
  35  3:22  Drone x2  
  37  3:34  Drone x2  
  41  3:40  Lair  
  39  3:42  Drone x3  
  39  3:46  Roach Warren  
  39  3:47  Drone  
  42  3:57  Queen  
  42  4:00  Zergling x6  
  47  4:09  Zergling x10  
  52  4:11  Overlord  
  52  4:15  Overlord  
  52  4:34  Roach  
  52  4:35  Roach x3  
  60  4:40  Overseer  
  60  4:43  Overlord x2  
  60  4:44  Zergling x6  
  63  4:46  Drone  
  63  4:47  Drone x3  
  63  4:51  Queen  
  69  4:54  Overlord  
  68  5:13  Queen x2  
  68  5:16  Spore Crawler  
  68  5:17  Spore Crawler x2  
  68  5:18  Spore Crawler  
  68  5:19  Spore Crawler  
  55  5:41  Queen  
  55  5:42  Drone x3  
  59  5:45  Spore Crawler x2  
  59  5:46  Spore Crawler  
  53  6:04  Drone x5  
  54  6:09  Drone  
  54  6:10  Drone  
  51  6:29  Drone x4  
  54  6:36  Spore Crawler  
  50  6:48  Spire  
  50  6:49  Drone x3  
  50  6:50  Drone x2  
  52  7:03  Drone x2  
  52  7:04  Drone x2  
  52  7:21  Evolution Chamber  
  46  7:29  Roach x3  
  56  7:30  Roach x2  
  56  7:43  Roach x2  
  60  7:45  Drone  
  60  7:49  Extractor x2  
  60  7:50  Drone x4, Extractor  
  60  7:51  Extractor  
  61  7:58  Roach x2  
  62  8:04  Drone x3  
  62  8:05  Drone x3  
  68  8:06  Drone x3  
  60  8:40  Corruptor x2  
  61  8:44  Drone x3  
  61  8:45  Roach x2  
  61  8:46  Zergling x20, Roach  
  72  9:03  Queen  
  71  9:12  Overlord  
  66  9:24  Queen  
  66  9:31  Corruptor x2  
  72  9:41  Corruptor  
  72  9:42  Corruptor  
  76  10:03  Overlord  
  76  10:04  Overlord  
  76  10:13  Overlord  
  76  10:21  Queen  
  78  10:34  Corruptor x3  
  84  10:40  Glial Reconstitution  
  83  10:49  Drone x3  
  85  10:51  Drone  
  86  11:04  Corruptor  
  88  11:14  Drone x2  
  88  11:15  Drone, Overlord  
  88  11:16  Overseer  
  91  11:36  Zerg Flyer Armor Level 1  
  91  11:37  Corruptor  
  93  11:41  Hatchery  
  93  11:45  Roach x3  
  98  12:07  Corruptor x2  
  98  12:08  Corruptor x2  
  106  12:19  Overseer  
  106  12:23  Drone  
  106  12:27  Overlord x3  
  107  12:45  Corruptor x2  
  107  12:48  Roach x2  
  107  12:49  Roach x2  
  119  13:03  Drone x2  
  119  13:04  Drone x3  
  124  13:15  Evolution Chamber  
  123  13:30  Zerg Flyer Weapons Level 1  
  123  13:37  Roach x7  
  137  13:44  Overlord x4  
  129  14:09  Roach x2  
  119  14:14  Roach x6  
  119  14:15  Roach x8  
  131  14:20  Ravager  
  131  14:23  Ravager  
  123  14:25  Ravager  
  123  14:27  Ravager  
  123  14:30  Roach x4  
  123  14:31  Roach x2  
  131  14:47  Drone x3  
  131  14:48  Drone  
  135  14:54  Ravager  
  135  14:55  Ravager x3  
  139  15:07  Roach x4  
  147  15:15  Drone x3, Extractor  
  147  15:16  Drone x3, Extractor  
  151  15:23  Roach x5  
  151  15:27  Ravager  
  162  15:56  Zergling x2, Roach  
  162  15:57  Roach x6  
  156  16:08  Roach x3  
Show
View Real Time Build Order
Export as new Build Order

wlrmalkr Terran 

Build Orders: 1/1/1 

Get SALT Encoding   

  12  0:01  SCV  
  13  0:13  SCV  
  14  0:18  Supply Depot  
  14  0:25  SCV  
  15  0:29  Refinery  
  15  0:42  Barracks  
  15  0:45  SCV  
  16  0:57  Refinery, SCV  
  17  1:09  SCV  
  18  1:22  SCV  
  19  1:32  Factory  
  19  1:34  Orbital Command  
  19  1:39  Marine  
  20  2:01  Barracks Reactor  
  20  2:02  Supply Depot  
  20  2:04  SCV  
  21  2:16  SCV  
  21  2:17  Starport  
  22  2:29  Bunker  
  22  2:31  SCV  
  22  2:36  Factory Tech Lab  
  23  2:38  Marine x2  
  23  2:43  SCV  
  26  2:53  Viking  
  26  2:58  Fusion Core  
  28  3:04  Supply Depot  
  28  3:06  SCV  
  29  3:16  Supply Depot  
  29  3:19  SCV  
  30  3:39  SCV  
  31  3:50  Battlecruiser  
  31  3:54  Hellion  
  31  3:55  Hellion  
  41  4:02  Armory  
  41  4:06  Supply Depot  
  41  4:18  Hellion  
  41  4:19  Hellion  
  45  4:25  Supply Depot  
  45  4:27  SCV  
  46  4:50  Hellion  
  46  4:51  Hellion  
  50  4:54  Battlecruiser  
  48  5:12  Hellion x2  
  52  5:33  Hellion x2  
  56  5:54  Hellion  
  56  5:55  Hellion  
  48  6:16  Hellion x2  
  50  6:37  Hellion x2  
  54  6:59  Hellion x2  
  58  7:22  Hellion x2  
  58  7:25  Battlecruiser  
  60  7:42  Weapon Refit  
  60  7:44  Hellion  
  62  7:46  Command Center  
  62  7:53  Factory  
  60  8:39  Hellion x2  
  52  9:00  Hellion x2  
  56  9:21  Hellion x2  
  56  9:23  Factory Tech Lab  
  60  9:27  Orbital Command  
  60  9:33  Engineering Bay  
  60  9:43  Hellion x2  
  64  10:04  Hellion  
  66  10:27  Orbital Command  
  66  10:29  Thor  
  72  10:49  SCV  
  71  10:59  Bunker  
  71  11:01  SCV  
  72  11:07  Missile Turret, Refinery  
  72  11:10  Refinery  
  72  11:13  Terran Vehicle And Ship Armor Level 1, SCV  
  73  11:23  SCV  
  73  11:25  SCV  
  75  11:32  Supply Depot  
  75  11:35  SCV  
  75  11:37  SCV  
  75  11:38  Infernal Pre-Igniter  
  77  11:42  Factory  
  77  11:50  Factory  
  77  11:54  Supply Depot  
  77  12:00  Missile Turret  
  77  12:05  Thor  
  83  12:26  Missile Turret, Starport Reactor  
  83  12:29  Supply Depot, Factory Tech Lab  
  83  12:34  Supply Depot  
  83  12:39  Missile Turret  
  83  12:48  Thor  
  83  12:50  Thor  
  95  12:58  Supply Depot  
  95  13:08  Terran Vehicle Weapons Level 1  
  95  13:28  Thor  
  95  13:30  Missile Turret  
  101  13:56  Thor  
  101  13:57  Thor  
  60  14:27  Thor  
  60  14:28  Hellion x2  
  70  14:37  Missile Turret  
  70  14:38  Missile Turret  
  64  14:54  Command Center  
  64  15:05  Hellion x3  
  64  15:06  Hellion  
  72  15:13  Missile Turret  
  72  15:24  Thor  
  72  15:26  Hellion  
  60  16:05  Hellion  
  59  16:20  Barracks  
Tags
 
Add a new tag
Caveats
  • Supply blocks, unpowered buildings, or Contaminate may cause inaccurate times.
  • Supply counts are checked every 10 seconds.